AoeStats
← all muted

Arabia

509212510Analyzed
3v3 RM · 7d ago on Sep 25, 2026· 69m 47s· 6 players
Game mode
Random Map
Map size
Normal (6 player)
Population
200
Speed
Normal
Resources
Standard
Victory
Conquest
Starting age
Dark Age
Ending age
Imperial Age
RankedLock teamsTeams togetherTeam positionsShared explorationLock speedFull tech treeHidden civsTurbo modeCheats
Victory
Defeat
🇦🇷 Malians · Argentina
923
+17
🇪🇸 Teutons · Spain
918
+17
🇲🇽 Slavs · Mexico
904
+18
🇸🇪 Japanese · Sweden
1043
-21
🇸🇪 Franks · Sweden
979
-19
🇸🇪 Malay · Sweden
823
-12
harald
2:06 Loom
11:19 Feudal Age
12:43 Double-Bit Axe
16:12 Horse Collar
21:43 Castle Age
22:01 Pikeman
22:42 Squires
23:01 Bow Saw
22:53 Heavy Plow
24:06 Stone Mining
25:11 Wheelbarrow
24:22 Town Watch
25:39 Bow Saw
26:50 Scale Mail Armor
27:01 Forging
31:26 Chain Mail Armor
31:46 Iron Casting
32:27 Fletching
41:02 Imperial Age
38:50 Hand Cart
38:41 Detinets
42:20 Conscription
42:09 Druzhina
41:53 Halberdier
43:52 Plate Mail Armor
44:22 Blast Furnace
44:07 Man-at-Arms
46:04 Blast Furnace
45:15 Gold Mining
45:42 Long Swordsman
46:15 Two-Handed Swordsman
47:41 Crop Rotation
47:39 Champion
48:20 Capped Ram
60:30 Husbandry
60:43 Bloodlines
60:33 Spies/Treason
manu_11292
0:33 Loom
14:13 Feudal Age
22:51 Castle Age
21:20 Double-Bit Axe
23:00 Forging
23:28 Scale Barding Armor
24:16 Wheelbarrow
36:38 Imperial Age
36:23 Hand Cart
38:34 Scale Mail Armor
38:49 Horse Collar
39:23 Bow Saw
39:11 Gold Mining
42:05 Iron Casting
42:06 Conscription
41:50 Elite Teutonic Knight
43:47 Chain Mail Armor
45:19 Plate Mail Armor
47:15 Chain Barding Armor
48:38 Fletching
49:52 Blast Furnace
48:45 Cavalier
49:39 Bloodlines
51:45 Plate Barding Armor
50:41 Paladin
64:53 Spies/Treason
gauchoaleman
13:02 Feudal Age
13:14 Man-at-Arms
15:42 Town Watch
18:50 Bloodlines
21:06 Castle Age
20:03 Horse Collar
20:48 Loom
22:05 Double-Bit Axe
25:01 Husbandry
27:06 Scale Barding Armor
27:12 Forging
29:59 Town Watch
30:49 Wheelbarrow
31:07 Elite Skirmisher
35:24 Fletching
35:35 Padded Archer Armor
36:10 Town Patrol
41:26 Ballistics
44:24 Imperial Age
44:39 Murder Holes
45:43 Conscription
47:46 Chemistry
48:21 Thumb Ring
49:13 Iron Casting
50:04 Bow Saw
51:16 Farimba
51:37 Farimba
52:27 Gold Mining
54:41 Cavalier
58:32 Chain Barding Armor
64:53 Spies/Treason
OpidilO WalkeR
5:56 Loom
10:53 Feudal Age
10:58 Man-at-Arms
13:51 Double-Bit Axe
16:25 Fletching
18:20 Horse Collar
20:45 Arson
25:12 Castle Age
23:59 Gold Mining
24:41 Padded Archer Armor
26:26 Bodkin Arrow
27:03 Thumb Ring
27:14 Leather Archer Armor
31:01 Bloodlines
30:51 Husbandry
38:00 Bow Saw
42:57 Imperial Age
41:02 Wheelbarrow
44:06 Bracer
48:51 Parthian Tactics
48:57 Ring Archer Armor
49:50 Scale Mail Armor
50:00 Forging
50:34 Squires
50:51 Chain Mail Armor
51:37 Conscription
51:38 Town Watch
53:35 Plate Mail Armor
54:09 Iron Casting
55:22 Heavy Cavalry Archer
66:51 Capped Ram
snor
12:46 Feudal Age
15:23 Scale Barding Armor
21:39 Castle Age
23:10 Husbandry
26:51 Double-Bit Axe
34:20 Imperial Age
36:53 Man-at-Arms
37:34 Squires
all muted
12:29 Feudal Age
12:09 Double-Bit Axe
11:55 Man-at-Arms
14:38 Wheelbarrow
13:50 Loom
21:59 Horse Collar
23:35 Forging
28:09 Castle Age
31:28 Hand Cart
30:59 Town Watch
31:58 Pikeman
32:38 Squires
32:01 Long Swordsman
34:10 Husbandry
48:48 Thalassocracy
48:54 Murder Holes
49:10 Masonry
50:07 Iron Casting
49:38 Scale Barding Armor
49:26 Fletching
49:36 Padded Archer Armor
52:15 Bodkin Arrow
55:28 Imperial Age
Connection lost

Rejoining the realm…

Still unreachable

The connection could not be restored.

Session expired

The server has moved on; the page needs a fresh start.